 Dungeon Crawl Stone Soup version 0.29.0-11-gd7f09526c8 (webtiles) character file.

Game seed: 12595221712819883480

179 LustLizard the Ruffian (level 5, -2/53 HPs)
             Began as a Troll Fighter on Sept 5, 2022.
             Slain by an orc wizard
             ... wielding a +2 dagger of venom
              (5 damage)
             ... on level 4 of the Dungeon.
             The game lasted 00:04:17 (2163 turns).

LustLizard the Ruffian (Troll Fighter)              Turns: 2163, Time: 00:04:17

Health: -2/53      AC:  4    Str: 24    XL:     5   Next: 32%
Magic:  4/4        EV:  8    Int:  6    God:
Gold:   225        SH:  7    Dex:  9    Spells: 4/4 levels left

rFire   + . .      SeeInvis .     - Unarmed
rCold   + . .      Faith    .   b - +0 kite shield
rNeg    . . .      Spirit   .   a - +0 robe
rPois   .          Reflect  .   (helmet restricted)
rElec   .          Harm     .   n - scarf {rC+ rF+}
rCorr   .          Rampage  .   (gloves unavailable)
Will    .....                   (boots unavailable)
Stlth   +.........              (no amulet)
HPRegen 0.97/turn               (no ring)
MPRegen 0.09/turn               (no ring)

@: lethally poisoned (-2 -> -9)
A: large, unfitting armour, claws 3, regeneration 1, shaggy fur 1, tough skin 1
a: no special abilities


You were on level 4 of the Dungeon.
You visited 1 branch of the dungeon, and saw 4 of its levels.

You collected 225 gold pieces.

Inventory:

Missiles
 h - 24 stones (quivered)
Armour
 a - a +0 robe (worn)
 b - a +0 kite shield (worn)
 n - a scarf of resistance (worn)
Scrolls
 f - 2 scrolls of butterflies
 g - 2 scrolls of poison {unknown}
 i - a scroll of teleportation {unknown}
 k - a scroll of fear {unknown}
 m - 2 scrolls of enchant armour {unknown}
Potions
 c - a potion of might
 d - a potion of lignification {unknown}
 e - 3 potions of degeneration
 j - 2 potions of mutation
 l - a potion of berserk rage
 o - 2 potions of brilliance
 p - 2 potions of curing
 q - a potion of haste


   Skills:
 + Level 3.2 Fighting
 - Level 2.4 Dodging
 + Level 3.5 Shields
 * Level 4.2 Unarmed Combat


You had 4 spell levels left.
You didn't know any spells.
Your spell library contained the following spells:

 Spells                   Type           Power      Damage    Failure   Level
 Shock                    Conj/Air       0%         1d3       75%         1
 Sting                    Tmut/Pois      0%         1d3       75%         1
 Poisonous Vapours        Pois/Air       0%         N/A       87%         2
 Static Discharge         Conj/Air       0%         3-3/arc   87%         2
 Swiftness                Air            0%         N/A       98%         3
 Olgreb's Toxic Radiance  Pois           0%         N/A       100%        4
 Conjure Ball Lightning   Conj/Air       0%         3x3d6     100%        6
 Lehudib's Crystal Spear  Conj/Erth      0%         10d2      100%        8


Dungeon Overview and Level Annotations

Branches:
Dungeon (4/15)
 Temple: D:4-7

Altars:
Makhleb

Shops:
D:3 :

Annotations:
D:4 2 transporters, RevDB's ghost, amateur DEFE


Innate Abilities, Weirdness & Mutations

You are too large for most types of armour.
You have claws for hands.
Your natural rate of healing is unusually fast.
You are covered in fur. (AC +1)
You have tough skin. (AC +1)


Message History

The orc wizard points at you and mumbles some strange words.
You block the puff of flame. You block the orc priest's attack.
You barely miss the orc priest.
The orc priest is heavily wounded.
You feel sick. The orc wizard barely misses you.
The orc priest hits you with a +0 war axe!
You claw the orc priest!
You kill the orc priest!
You feel sick. You block the orc wizard's attack.
You feel sick.
You are no longer poisoned.
The orc wizard hits you with a +2 dagger of venom.
* * * LOW HITPOINT WARNING * * *
Things that are here:
a +0 hand axe; a +0 scale mail You scratch the orc wizard.
The orc wizard is lightly wounded.
The orc wizard hits you but does no damage.
You are poisoned.
You claw the orc wizard!
The orc wizard is almost dead.
You feel very sick.
The orc wizard hits you but does no damage.
You scratch the orc wizard but do no damage.
The orc wizard is almost dead.
You feel sick.
The orc wizard mumbles some strange words.
The orc wizard flickers and vanishes!
Deactivating autopickup; reactivate with Ctrl-A.
There is a strange disturbance nearby!
You closely miss something.
You feel sick. Something hits you but does no damage.
You barely miss something.
You feel sick. Something hits you.
* * * LOW HITPOINT WARNING * * *
You are lethally poisoned!
You barely miss something.
* * * LOW HITPOINT WARNING * * *
You feel very sick. You block something's attack. Something hits you.
You die...

...o.......©......
.....)..).........
...............#.#
#######)...b..##.#
#.......##.#
#.......##.#
####.......##.#
#............)<##
..##.........{@.#
............##.#
######....#.# ..#
#......# #...
#>...### ####
#....# #....#
#....


There were no monsters in sight!

Vanquished Creatures
  A hound (D:4)
  An orc priest (D:4)
  3 adders
  A dart slug (D:2)
  3 orcs
  5 endoplasms
  3 giant cockroaches
  7 hobgoblins
  10 jackals
  9 kobolds
  A quokka (D:2)
  8 ball pythons
  7 bats
  5 frilled lizards
  9 goblins
  6 rats
79 creatures vanquished.

Notes
Turn   | Place    | Note
-------+----------+-------------------------------------------
     0 | D:1      | LustLizard the Troll Fighter began the quest for the Orb.
     0 | D:1      | Reached XP level 1. HP: 22/22 MP: 0/0
    72 | D:1      | Reached XP level 2. HP: 24/29 MP: 1/1
   445 | D:1      | Reached XP level 3. HP: 34/36 MP: 2/2
   450 | D:1      | Found a faded altar of an unknown god.
   499 | D:1      | Reached skill level 3 in Unarmed Combat
  1293 | D:3      | Got the Directory of Charged Grit
  1300 | D:3      | Found Olostye's Book Emporium.
  1335 | D:3      | Found a burning altar of Makhleb.
  1506 | D:3      | Reached XP level 4. HP: 44/44 MP: 3/3
  1517 | D:3      | Identified the +1 ring mail of the Unseen Realm {Will+
                  | Int+5 Stlth+}
  2077 | D:4      | Found a transporter.
  2085 | D:4      | Found a transporter.
  2085 | D:4      | Noticed RevDB's ghost (amateur DEFE)
  2090 | D:4      | Reached skill level 4 in Unarmed Combat
  2090 | D:4      | Reached XP level 5. HP: 40/53 MP: 4/4
  2163 | D:4      | Slain by an orc wizard

Illustrated notes

Levels and vault maps discovered:
D:1:      elethiomel_arrival_infinity_welcomes_careful_drivers, layout_basic,
          ebering_ecumenical_altar_petrified
D:2:      layout_rooms, minmay_misc_feat_more_columns, minmay_tree_intersection
D:3:      wad_crossroads, layout_loops_ring, mainiacjoe_overflow_alcove_1,
          serial_shops, shop
D:4:      layout_rooms, kennysheep_slug_shrine, nicolae_elyvilon_temple_path,
          gammafunk_ghost_arena, minmay_misc_feat_columns

Skill      XL: |  1  2  3  4 |
---------------+-------------+-----
Shields        | 3 |  3.5
Unarmed Combat | 3 4 |  4.2
Fighting       | 3 |  3.2
Dodging        | |  2.4

Action                   |  1- 3 |  4- 6 || total
-------------------------+-------+-------++-------
Melee: Unarmed           |   163 |    83 ||   246
  Use: Scroll            |       |     7 ||     7
 Stab: Sleeping          |     1 |       ||     1
Armor: Robe              |    71 |    22 ||    93
Dodge: Dodged            |    53 |    23 ||    76
Block: Kite shield       |    66 |    35 ||   101
